 Dungeon Crawl Stone Soup version 0.23-a0-480-g1869896531 (webtiles) character file.

2479 LostNumber the Caller (level 9, -10/66 HPs)
             Began as a Mummy Summoner on Nov 29, 2018.
             Was an Initiate of Ru.
             Mangled by a three-headed hydra (15 damage)
             ... on level 8 of the Dungeon.
             The game lasted 00:14:02 (10330 turns).

LostNumber the Caller (Mummy Summoner)             Turns: 10330, Time: 00:14:02

Health: -10/66     AC:  3    Str:  9    XL:     9   Next: 27%
Magic:  5/18       EV: 12    Int: 18    God:    Ru [......]
Gold:   325        SH:  0    Dex: 12    Spells: 6/20 levels left

rFire    x . .     SeeInvis .   b - +4 spear
rCold    + . .     Gourm    .   (no shield)
rNeg     + + +     Faith    .   a - +0 robe
rPois    ∞         Spirit   .   g - +0 helmet
rElec    .         Reflect  .   (no cloak)
rCorr    .         Harm     .   (no gloves)
MR       +....                  (no boots)
Stlth    ++........             (no amulet)
HPRegen  0.21/turn              (no ring)
MPRegen  0.16/turn              (no ring)

@: no status effects
A: no food or potions, fire vulnerability, cold resistance 1, negative energy
resistance 3, torment resistance, weak 1, unbreathing
a: Renounce Religion


You were on level 8 of the Dungeon.
You worshipped Ru.
Ru was noncommittal.
You were not hungry.

You visited 2 branches of the dungeon, and saw 9 of its levels.
You also visited: Sewer.

You collected 325 gold pieces.

Inventory:

Hand Weapons
 b - a +4 spear (weapon)
Armour
 a - a +0 robe (worn)
 d - a +0 ring mail
 g - a +0 helmet (worn)
Wands
 m - a wand of enslavement (17)
Scrolls
 c - 2 scrolls of identify
 e - 2 scrolls of magic mapping
 f - 2 scrolls of enchant weapon {unknown}
 h - 3 scrolls of blinking
 i - 2 scrolls of fear
 j - 6 scrolls of teleportation
 k - 2 scrolls of fog
 l - a scroll of random uselessness {unknown}


   Skills:
 + Level 4.5 Fighting
 + Level 3.7 Polearms
 - Level 1.5 Dodging
 - Level 1.5 Stealth
 + Level 6.4 Spellcasting
 * Level 6.6 Summonings
 - Level 4.0 Ice Magic
 * Level 2.9 Air Magic


You had 6 spell levels left.
You knew the following spells:

 Your Spells              Type           Power        Failure   Level  Hunger
a - Summon Small Mammal   Summ           ####         1%          1    N/A
b - Call Imp              Summ           ####....     1%          2    N/A
c - Call Canine Familiar  Summ           ####....     2%          3    N/A
d - Summon Ice Beast      Ice/Summ       ###.....     13%         4    N/A
e - Summon Lightning Spi  Summ/Air       ###.....     16%         4    N/A

Your spell library contained the following spells:

 Spells                   Type           Power        Failure   Level  Hunger
 Summon Guardian Golem    Hex/Summ       ###.....     9%          3    N/A

Dungeon Overview and Level Annotations

Branches:
Dungeon (8/15)             Temple (1/1) D:6            Lair (0/6) D:8

Altars:
Cheibriados
Dithmenos
Elyvilon
Hepliaklqana
Kikubaaqudgha
Makhleb
Nemelex Xobeh
Okawaru
Qazlal
Ru
Sif Muna
Trog
Uskayaw
Vehumet
Wu Jian
Xom
Yredelemnul
Zin
The Shining One

Annotations:
D:4 Eustachio


Innate Abilities, Weirdness & Mutations

You do not eat or drink.
Your flesh is vulnerable to fire.
You are immune to poison.
Your flesh is cold resistant. (rC+)
You are immune to negative energy. (rN+++)
You are immune to unholy pain and torment.
You are weak. (Str -2)
You can survive without breathing.


Message History

The three-headed hydra is no longer moving slowly.
Unknown command.
Unknown command.
You puncture the three-headed hydra!
The three-headed hydra is almost dead.
Unknown command.
You barely miss the three-headed hydra.
The three-headed hydra is almost dead.
The three-headed hydra closely misses you.
The three-headed hydra barely misses you.
The three-headed hydra bites you!
* * * LOW HITPOINT WARNING * * *
Unknown command.
You hit the three-headed hydra.
The three-headed hydra is almost dead.
The three-headed hydra bites you!
* * * LOW HITPOINT WARNING * * *
The three-headed hydra barely misses you.
The three-headed hydra bites you!
You die...

#######.##.(..#
#%%...'%.#
#.............#
#.....#.)#
#.#####.##....#
##'''###+# #.#
#.###.#.###...%.P≈.#
#.# #.#
#.#...#..P..≈≈P#
##.#
#.###.#.###...%.P)≈#
...#
#.........#%.K...≈P#
####
##..###.###.≈.≈.≈PP#
#..# #..@####†#####
#..# #.#8DK...#
###### #..#
#)######## ##...##
#..# #.#
......###..###.#
...............#
#......#.....###
##.....#>....####
###(>..........#


You could see a three-headed hydra, a big kobold and a friendly lightning spire.

Vanquished Creatures
  A dream sheep (D:8)
  A water moccasin (D:8)
  A phantom (D:8)
  An ogre (D:4)
  A big kobold (D:8)
  A bullfrog (D:7)
  A killer bee (D:8)
  2 wights (D:6)
  A crimson imp (D:5)
  A jelly (D:8)
  A hound (D:5)
  A centaur skeleton (D:5)
  Natasha (thrice) (D:3)
  3 worker ants
  A hound skeleton (D:6)
  10 adders
  A river rat (D:3)
  A white imp (D:7)
  An ooze (D:5)
  An adder skeleton (D:4)
  3 worms
  A dart slug (D:2)
  A leopard gecko (D:5)
  3 orcs (D:5)
  3 bat zombies (D:8)
  4 giant cockroaches
  12 goblins
  A hobgoblin (D:1)
  7 jackals
  2 quokkas
  2 ball pythons
  6 bats
  5 frilled lizards
  2 goblin skeletons (D:7)
  2 goblin zombies (D:7)
  3 hobgoblin zombies (D:7)
  12 kobolds
  A kobold skeleton (D:7)
  10 rats
114 creatures vanquished.

Vanquished Creatures (collateral kills)
  A hippogriff (D:7)
  A dream sheep (D:8)
  2 yaks (D:8)
  Duvessa (D:7)
  A sky beast (D:5)
  5 ogres
  A centaur (D:5)
  A big kobold (D:8)
  2 bullfrogs
  Dowan (D:7)
  A scorpion (D:5)
  12 killer bees
  A wight (D:6)
  A hound (D:4)
  2 iguanas
  A hound zombie (D:7)
  A worker ant zombie (D:5)
  Robin (D:2)
  4 gnolls (D:3)
  3 adders
  3 river rats (D:3)
  A shadow imp (D:8)
  2 adder zombies (D:7)
  3 worms (Sewer)
  A leopard gecko (D:2)
  2 orcs
  A giant cockroach (D:7)
  A jackal (D:1)
  A ball python (D:3)
  4 goblins (D:2)
  A goblin skeleton (D:7)
  A hobgoblin zombie (D:7)
  A kobold (Sewer)
  3 orc zombies (D:7)
  2 rats (D:3)
70 creatures vanquished.

Vanquished Creatures (others)
  A hobgoblin (D:2)
  2 goblins (D:2)
3 creatures vanquished.

Grand Total: 187 creatures vanquished

Notes
Turn   | Place    | Note
-------+----------+-------------------------------------------
     0 | D:1      | LostNumber the Mummy Summoner began the quest for the Orb.
     0 | D:1      | Reached XP level 1. HP: 13/13 MP: 4/4
   436 | D:1      | Reached XP level 2. HP: 20/20 MP: 5/5
   446 | D:1      | Learned a level 2 spell: Call Imp
  1133 | D:2      | Reached skill level 1 in Fighting
  1178 | D:2      | Reached XP level 3. HP: 19/26 MP: 7/7
  1183 | D:2      | Learned a level 3 spell: Call Canine Familiar
  1290 | D:2      | Noticed Robin
  1304 | D:2      | Killed Robin
  1304 | D:2      | Reached skill level 1 in Polearms
  1773 | D:2      | Reached XP level 4. HP: 26/32 MP: 9/9
  1981 | D:3      | Found a glowing drain.
  2139 | Sewer    | Entered a sewer
  2475 | Sewer    | Reached XP level 5. HP: 37/38 MP: 10/10
  2481 | Sewer    | Learned a level 4 spell: Summon Ice Beast
  3363 | D:3      | Noticed Natasha
  3373 | D:3      | Killed Natasha
  3639 | D:3      | Noticed Natasha
  3959 | D:3      | Killed Natasha
  3959 | D:3      | Reached skill level 1 in Ice Magic
  3963 | D:3      | Noticed Natasha
  3970 | D:3      | Killed Natasha
  3970 | D:3      | Reached XP level 6. HP: 29/44 MP: 3/12
  4359 | D:4      | Noticed Eustachio
  4689 | D:5      | Entered Level 5 of the Dungeon
  5294 | D:5      | Noticed a sky beast
  5307 | D:5      | Killed a sky beast
  5307 | D:5      | Reached XP level 7. HP: 35/51 MP: 8/13
  5357 | D:5      | Reached skill level 5 in Summonings
  5470 | D:5      | Found a glowing silver altar of Zin.
  5524 | D:5      | Found a shadowy altar of Dithmenos.
  5919 | D:5      | Learned a level 4 spell: Summon Lightning Spire
  5931 | D:6      | Found a staircase to the Ecumenical Temple.
  5942 | Temple   | Entered the Ecumenical Temple
  6029 | Temple   | Became a worshipper of Ru the Awakened
  6652 | D:6      | Reached skill level 5 in Spellcasting
  7006 | D:7      | Noticed Duvessa
  7019 | D:7      | Killed Duvessa
  7019 | D:7      | Reached XP level 8. HP: 24/58 MP: 9/15
  7023 | D:7      | Noticed Dowan
  7031 | D:7      | Killed Dowan
  7493 | D:7      | Found a radiant altar of Vehumet.
  7612 | D:7      | Found a glowing golden altar of the Shining One.
  8264 | D:7      | Noticed a hippogriff
  8271 | D:7      | Killed a hippogriff
  8271 | D:7      | Reached skill level 1 in Air Magic
  8752 | D:8      | Gained mutation: You are weak. (Str -2) [Ru sacrifice]
  8849 | D:8      | Found a hazy altar of Hepliaklqana.
  9068 | D:8      | Found a staircase to the Lair.
  9104 | D:8      | Found an ancient bone altar of Kikubaaqudgha.
  9181 | D:8      | Found a shimmering altar of Xom.
  9529 | D:8      | Reached XP level 9. HP: 65/65 MP: 14/18
 10306 | D:8      | Noticed a three-headed hydra
 10330 | D:8      | Mangled by a three-headed hydra

Vault maps used:
D:1:      dpeg_arrival_snail
D:2:      lemuel_old_faithful, uniq_robin
D:3:      portal_sewer_entry_c, uniq_natasha
D:4:      first_ration, uniq_eustachio, uniq_pikel
D:5:      nicolae_dithmenos_shadow_blocks, basic_altar
D:6:      minmay_temple_entry_gardened_gates, kennysheep_another_room
D:7:      lemuel_crystal_altar, nicolae_tso_besieged_by_evil, uniq_duvessa
D:8:      xom_teletrap_fun, lemuel_doored_altar,
          lemuel_zombie_altar_kikubaaqudgha, lair_entry_dummy, hangedman_ranch,
          hangedman_abyss_or_decor_clamps
Temple:   nicolae_temple_elliptical
Sewer:    sewer_co_15_rooms

Skill      XL: |  1  2  3  4  5  6  7  8 |
---------------+-------------------------+-----
Spellcasting   | 3 4 5 6 |  6.4
Fighting       | 1 2 3 4 |  4.5
Polearms       | 1 2 3 |  3.7
Summonings     | 4 5 6 |  6.6
Ice Magic      | 1 2 3 4 |  4.0
Air Magic      | 2 |  2.9
Dodging        | |  1.5
Stealth        | |  1.5

Action                   |  1- 3 |  4- 6 |  7- 9 || total
-------------------------+-------+-------+-------++-------
Melee: Spear             |    91 |   221 |   232 ||   544
 Cast: Summon Small Mamm |     1 |       |       ||     1
       Call Canine Famil |     1 |    19 |    19 ||    39
       Call Imp          |       |    15 |     9 ||    24
       Summon Ice Beast  |       |       |     6 ||     6
       Summon Lightning  |       |       |    19 ||    19
Invok: Sacrifice Purity  |       |       |     1 ||     1
  Use: Scroll            |       |       |     5 ||     5
 Stab: Sleeping          |     1 |     2 |     2 ||     5
       Distracted        |       |       |     3 ||     3
Armor: Robe              |     2 |       |    21 ||    23
       Ring mail         |    32 |    60 |    13 ||   105
Dodge: Dodged            |    33 |    95 |   122 ||   250

Table legend:
 A = Non-vault XP
 B = Vault XP
 C = Vault XP percentage of total XP
 D = Non-vault monster count
 E = Vault monster count
 F = Vault count percentage of total count
                 A         B        C        D         E       F
            +---------+---------+-------+---------+---------+-------
      Total |    2470 |    1072 |  30.3 |     124 |      60 |  32.6
            +---------+---------+-------+---------+---------+-------
        D:1 |      29 |       0 |   0.0 |      19 |       0 |   0.0
        D:2 |      42 |      30 |  41.7 |      19 |      10 |  34.5
        D:3 |     139 |      69 |  33.2 |      21 |       7 |  25.0
        D:4 |     234 |       0 |   0.0 |       6 |       0 |   0.0
        D:5 |     391 |       0 |   0.0 |      15 |       0 |   0.0
        D:6 |     301 |       0 |   0.0 |       9 |       0 |   0.0
        D:7 |     736 |     167 |  18.5 |      20 |      16 |  44.4
        D:8 |     598 |     721 |  54.7 |      15 |       9 |  37.5
      Sewer |       0 |      85 | 100.0 |       0 |      18 | 100.0
            +---------+---------+-------+---------+---------+-------
